Description

Test Build. Do not use.

Build Order

Get SALT Encoding   

  12  0:02  Drone  
  13  0:08  Drone  
  14  0:16  Overlord  
  14  0:35  Drone  
  15  0:42  Hatchery  
  14  0:47  Drone  
  15  0:51  Drone  
  16  0:55  Drone  
  17  0:59  Drone  
  18  1:00  Extractor  
  17  1:20  Hatchery  
  16  1:23  Drone x2 Move Three Drones To Gas  
  17  1:27  Drone  
  18  1:32  Drone  
  19  1:41  Drone  
  20  1:52  Drone  
  21  1:55  Drone  
  22  2:03  Drone  
  23  2:06  Drone  
  24  2:14  Drone, Spawning Pool, Extractor  
  23  2:17  Drone  
  24  2:24  Drone  
  25  2:27  Drone  
  26  2:32  Drone  
  27  2:35  Drone x2 Move Three Drones To Gas  
  28  2:38  Drone, Extractor  
  28  2:43  Drone  
  29  2:46  Drone  
  30  2:49  Overlord  
  30  2:54  Drone  
  31  2:57  Drone  
  32  3:00  Drone x2 Move Three Drones To Gas  
  33  3:01  Lair  
  33  3:05  Drone  
  34  3:08  Drone  
  35  3:11  Drone  
  36  3:16  Drone, Evolution Chamber x2  
  35  3:19  Drone  
  36  3:22  Drone  
  37  3:27  Drone  
  38  3:30  Drone, Extractor  
  38  3:33  Drone  
  39  3:38  Drone  
  40  3:41  Drone, Zerg Missile Weapons Level 1, Zerg Melee Weapons Level 1  
  41  3:51  Drone Move Three Drones To Gas  
  41  3:59  Overlord x5, Hydralisk Den  
  40  4:28  Hydralisk x8  
  56  4:32  Hydralisk  
  58  4:38  Hydralisk, Muscular Augments  
  60  4:40  Hydralisk  
  62  4:44  Hydralisk  
  64  4:49  Hydralisk  
  66  4:51  Hydralisk  
  68  4:55  Hydralisk  
  70  5:00  Hydralisk  
  72  5:02  Hydralisk  
  74  5:06  Hydralisk  
  76  5:11  Hydralisk  
  78  5:13  Hydralisk  
  80  5:15  Drone  
  81  5:22  Drone  
Spawning Tool Build Advisor. Get it on Overwolf

Analysis

Figuring out how this dang tool works.

Go to:

Details

  • Created by: Timbertoes
  • Published on: Jan 04, 2020
  • Modified on: Jan 04, 2020
  • Patch: 4.11.0
Show
View Real Time Build Order
Export as new Build Order

Comments (0)

There are no comments. Be the first!

Create an account to comment!